 Dungeon Crawl Stone Soup version 0.28-a0-578-g717728bcc0 (webtiles) character file.

Game seed: 14837143778554470660

73073 KristoblXynda the Covert (level 15, -2/135 HPs)
             Began as a Naga Berserker on Oct 2, 2021.
             Was a High Priest of Trog.
             Slain by a wolf spider (6 damage)
             ... on level 14 of the Dungeon.
             The game lasted 00:27:39 (14124 turns).

KristoblXynda the Covert (Naga Berserker)          Turns: 14124, Time: 00:27:39

Health: -2/135     AC: 22    Str: 23    XL:     15   Next: 42%
Magic:  5/5        EV: 12    Int: 10    God:    Trog [*****.]
Gold:   558        SH:  7    Dex: 14    Spells: 14/14 levels left

rFire   + + .      SeeInvis +   u - +9 morningstar of Neckeintu {antimagic, Will++}
rCold   + . .      Faith    .   w - +2 buckler {reflect}
rNeg    . . .      Spirit   .   F - +2 chain mail {rF+}
rPois   +          Reflect  +   (no helmet)
rElec   .          Harm     .   m - scarf {rC+ rF+}
rCorr   .          Rampage  .   (no gloves)
Will    +++++                   y - +0 barding
Stlth   ++........              v - amulet of regeneration
HPRegen 2.32/turn               p - +4 ring of slaying
MPRegen 0.09/turn               L - ring "Rathraurgh" {EV+4 Dex+3}

@: strong-willed, on berserk cooldown, regenerating, slowed, studying
Evocations, very slow
A: AC +5, large, see invisible, deformed body, poison resistance, slowness 2,
spit poison 1, naga tail 2, iridescent scales 1
a: Spit Poison, Renounce Religion, Berserk, Trog's Hand, Brothers in Arms


You were on level 14 of the Dungeon.
You worshipped Trog.
Trog was extremely pleased with you.
You visited 2 branches of the dungeon, and saw 15 of its levels.

You collected 847 gold pieces.
You spent 289 gold pieces at shops.

Inventory:

Hand Weapons
 s - a +5 spectral broad axe
 u - the +9 morningstar of Neckeintu (weapon) {antimagic, Will++}
   (You found it on level 11 of the Dungeon)

   It reduces the magical energy of the wielder, and disrupts the spells and
   magical abilities of those it strikes.
   Natural abilities and divine invocations are not affected.
   Will:      It greatly increases your willpower.
 A - the +7 captain's cutlass {speed, disarm}
   (You found it on level 13 of the Dungeon)

   Attacks with this weapon are significantly faster.
   It may disarm weapon-wielding foes when striking them, dealing extra damage
   in the process.
Armour
 m - a scarf of resistance (worn)
 w - a +2 buckler of reflection (worn)
 x - the +1 crystal plate armour of Distant Shores {rElec rF- rCorr}
   (You found it on level 11 of the Dungeon)

   rF:        It makes you vulnerable to fire.
   rElec:     It insulates you from electricity.
   rCorr:     It protects you from acid and corrosion.
 y - a +0 barding (worn)
 F - a +2 chain mail of fire resistance (worn)
Jewellery
 j - a +4 ring of protection
 k - a +6 ring of intelligence
 p - a +4 ring of slaying (left hand)
 t - a ring of protection from fire
 v - an amulet of regeneration (around neck)
 E - a +6 ring of dexterity
 J - a ring of protection from cold
 L - the ring "Rathraurgh" (right hand) {EV+4 Dex+3}
   (You took it off a deep elf pyromancer on level 11 of the Dungeon)

   [ring of evasion]

   EV:        It affects your evasion (+4).
   Dex:       It affects your dexterity (+3).
Wands
 q - a wand of paralysis (12)
 D - a wand of digging (6)
 K - a wand of iceblast (21)
Scrolls
 c - 2 scrolls of fog
 d - 3 scrolls of magic mapping
 f - 3 scrolls of amnesia
 h - a scroll of blinking
 l - a scroll of vulnerability
 o - a scroll of immolation
 N - a scroll of silence
Potions
 a - a potion of invisibility
 e - 4 potions of curing
 g - 3 potions of flight
 i - a potion of magic {unknown}
 z - 4 potions of might
 C - a potion of lignification
 G - a potion of brilliance
 H - a potion of cancellation
 I - 2 potions of attraction


   Skills:
 + Level 9.2 Fighting
 + Level 13.7 Axes
 + Level 10.7 Armour
 + Level 10.7 Dodging
 - Level 13.9 Stealth
 - Level 3.7 Shields


You had 14 spell levels left.
You didn't know any spells.
Your spell library contained the following spells:

 Spells                   Type           Power      Damage    Failure   Level
 Shock                    Conj/Air       0%         1d3       90%         1
 Summon Small Mammal      Summ           0%         N/A       90%         1
 Slow                     Hex            0%         N/A       97%         2
 Static Discharge         Conj/Air       0%         N/A       97%         2
 Call Canine Familiar     Summ           0%         N/A       99%         3
 Confusing Touch          Hex            0%         N/A       99%         3
 Portal Projectile        Hex/Tloc       0%         N/A       99%         3
 Summon Guardian Golem    Hex/Summ       0%         N/A       99%         3
 Swiftness                Air            0%         N/A       99%         3
 Vampiric Draining        Necr           0%         2d6       99%         3
 Airstrike                Air            0%         N/A       100%        4
 Dispel Undead            Necr           0%         3d6       100%        4
 Passage of Golubria      Tloc           N/A        N/A       100%        4
 Sticky Flame             Conj/Fire      0%         2d3       100%        4
 Blade Hands              Tmut           0%         N/A       100%        5
 Excruciating Wounds      Necr           0%         N/A       100%        5
 Silence                  Hex/Air        0%         N/A       100%        5
 Lehudib's Crystal Spear  Conj/Erth      0%         10d2      100%        8


Dungeon Overview and Level Annotations

Branches:
Dungeon (14/15)            Temple (1/1) D:4            Lair (0/6) D:9
    Orc (0/2) D:10         Vaults (0/5) D:13

Altars:
Ashenzari
Cheibriados
Dithmenos
Elyvilon
Fedhas
Gozag
Hepliaklqana
Kikubaaqudgha
Makhleb
Nemelex Xobeh
Okawaru
Qazlal
Ru
Sif Muna
Trog
Uskayaw
Vehumet
Wu Jian
Xom
Yredelemnul
Zin
The Shining One

Shops:
D:1 [   D:5 ??*   D:9 *

Annotations:
D:8 3 runed translucent doors, Heedrag's ghost, novice MiFi


Innate Abilities, Weirdness & Mutations

Your serpentine skin is tough. (AC +5)
You have supernaturally acute eyesight. (SInv)
Armour fits poorly on your strangely shaped body.
Your system is resistant to poisons. (rPois)
You cover ground very slowly.
You can spit poison.
You can use your snake-like lower body to constrict enemies.
You are partially covered in iridescent scales. (AC +2)


Message History

The seven-headed hydra closely misses you.
The seven-headed hydra barely misses you.
The seven-headed hydra bites you but does no damage.
You block the seven-headed hydra's attack.
The seven-headed hydra closely misses you.
The seven-headed hydra bites you but does no damage.
The seven-headed hydra bites you.
* * * LOW HITPOINT WARNING * * *
Your ogre hits the green ugly thing with a +0 giant spiked club!!
The green ugly thing dies!
Trog accepts your kill. The wolf spider closely misses you.
The wolf spider bites you!
* * * LOW HITPOINT WARNING * * *
Unknown command.
You feel better. You block the wolf spider's attack.
The wolf spider barely misses you.
Your ogre hits the wolf spider with a +0 giant spiked club!!!
The seven-headed hydra bites you!
* * * LOW HITPOINT WARNING * * *
You block the seven-headed hydra's attack.
The seven-headed hydra bites you.
* * * LOW HITPOINT WARNING * * *
The seven-headed hydra bites you but does no damage. x3
You block the seven-headed hydra's attack.
The wolf spider hits your ogre. The wolf spider bites your ogre!
Your ogre dies!
Your ogre's corpse disappears in a puff of smoke!
The seven-headed hydra misses you.
The seven-headed hydra closely misses you.
The seven-headed hydra bites you but does no damage. x2
The seven-headed hydra closely misses you.
The seven-headed hydra bites you but does no damage.
The seven-headed hydra bites you!
* * * LOW HITPOINT WARNING * * *
The wolf spider hisses angrily.
Unknown command.
You puncture the seven-headed hydra!
The seven-headed hydra is almost dead.
The wolf spider closely misses you. The wolf spider bites you.
You die...

## #..#
###......
#..# ##.....
# #..#
#..... #.
#..# ##..^.
#. #..#
#....
#..#..#
#....
#..#..# ###
##...
#.§)sD#.....
#...
#..§@.'.....
#...
############
#.## #.# ..#
...# ....#
<...>#
#######


You could see a seven-headed hydra and a wolf spider.

Vanquished Creatures
  Rupert (D:13)
  3 hydras (D:14)
  3 vault guards (D:13)
  4 boulder beetles
  11 centaur warriors
  7 two-headed ogres
  A tengu warrior (D:11)
  4 skeletal warriors
  A wizard (D:14)
  7 ugly things
  5 deep elf pyromancers
  9 cyclopes
  2 manticores
  A gargoyle (D:14)
  2 kobold demonologists
  An unseen horror (D:13)
  2 freezing wraiths
  A tengu conjurer (D:14)
  A hornet (D:9)
  A meliai (shapeshifter) (D:14)
  A meliai (D:11)
  4 trolls
  A wolf spider simulacrum (D:14)
  13 slime creatures
  4 shadows
  Sigmund (D:4)
  4 wraiths
  A centaur simulacrum (D:14)
  A hog (shapeshifter) (D:12)
  6 yaks
  9 humans (D:13)
  A basilisk (D:12)
  Eustachio (D:4)
  7 vampire mosquitoes (D:12)
  2 acid dragons
  2 water moccasins (D:9)
  Duvessa (D:7)
  2 sky beasts (D:5)
  5 black bears
  5 orc warriors
  3 ogres (D:5)
  4 centaurs
  A phantom (D:5)
  2 bullfrogs
  A gnoll sergeant (D:8)
  4 scorpions
  A wyvern skeleton (D:7)
  Dowan (D:7)
  7 killer bees (D:9)
  5 electric eels (D:10)
  4 howler monkeys
  5 centaur zombies
  5 lava snakes (D:10)
  A bullfrog zombie (D:5)
  7 orc priests
  2 hounds (D:6)
  An iron imp (D:12)
  A jelly (D:5)
  A bullfrog skeleton (D:7)
  2 gnoll shamans
  An iguana (D:4)
  15 orc wizards
  A scorpion zombie (D:5)
  A hound zombie (D:5)
  2 howler monkey zombies
  6 gnolls
  5 adders
  3 white imps
  2 ufetubi
  2 adder skeletons
  2 worms (D:2)
  4 dart slugs
  19 orcs
  5 endoplasms
  4 giant cockroaches
  8 goblins
  6 hobgoblins
  4 jackals (D:1)
  7 quokkas
  5 ball pythons
  3 bats (D:1)
  8 frilled lizards
  7 kobolds
  2 rats (D:1)
318 creatures vanquished.

Vanquished Creatures (collateral kills)
  An ugly thing (D:14)
1 creature vanquished.

Vanquished Creatures (others)
  2 orcs (D:10)
  24 fungi (D:9)
  30 plants
56 creatures vanquished.

Grand Total: 375 creatures vanquished

Notes
Turn   | Place    | Note
-------+----------+-------------------------------------------
     0 | D:1      | KristoblXynda the Naga Berserker began the quest for the
                  | Orb.
     0 | D:1      | Reached XP level 1. HP: 21/21 MP: 1/1
    25 | D:1      | Found a faded altar of an unknown god.
   103 | D:1      | Reached XP level 2. HP: 17/28 MP: 2/2
   820 | D:1      | Reached XP level 3. HP: 30/34 MP: 3/3
   990 | D:1      | Found Moemn's Antique Armour Boutique.
  1125 | D:1      | Reached ** piety under Trog
  1293 | D:2      | Gained mutation: You are partially covered in iridescent
                  | scales. (AC +2) [potion of mutation]
  1305 | D:2      | Reached XP level 4. HP: 19/42 MP: 4/4
  3094 | D:4      | Reached XP level 5. HP: 48/49 MP: 5/5
  3118 | D:4      | Noticed a black bear
  3125 | D:4      | Noticed Eustachio
  3137 | D:4      | Killed a black bear
  3138 | D:4      | Reached skill level 5 in Axes
  3138 | D:4      | Reached XP level 6. HP: 53/56 MP: 6/6
  3196 | D:4      | Killed Eustachio
  3419 | D:4      | Found a staircase to the Ecumenical Temple.
  3443 | Temple   | Entered the Ecumenical Temple
  3677 | D:4      | You fall into a shaft and drop 3 floors!
  3824 | D:7      | Noticed Duvessa
  3824 | D:7      | Noticed Dowan
  3826 | D:7      | Killed Dowan
  3827 | D:7      | Reached XP level 7. HP: 62/62 MP: 7/7
  3833 | D:7      | Killed Duvessa
  4619 | D:7      | Noticed a two-headed ogre
  4628 | D:7      | Killed a two-headed ogre
  4629 | D:7      | Reached XP level 8. HP: 41/69 MP: 8/8
  4855 | D:6      | Found a shimmering blue altar of Sif Muna.
  4907 | D:6      | Reached skill level 1 in Stealth
  4908 | D:6      | Reached *** piety under Trog
  5189 | D:6      | Found a basalt altar of Yredelemnul.
  5222 | D:6      | Reached XP level 9. HP: 51/75 MP: 9/9
  5400 | D:6      | Found a bloodstained altar of Trog.
  5480 | D:6      | Found a blossoming altar of Fedhas.
  5938 | D:5      | Entered Level 5 of the Dungeon
  5943 | D:5      | Found Moikk's Magic Scroll Boutique.
  5952 | D:5      | Reached skill level 5 in Armour
  5952 | D:5      | Reached skill level 5 in Dodging
  6068 | D:5      | Found Neoc's Assorted Antiques.
  6079 | D:5      | Reached skill level 5 in Stealth
  6373 | D:5      | Found Gar Keugeo's Magic Scroll Shoppe.
  7177 | D:5      | Bought a warped buckler for 247 gold pieces
  7177 | D:5      | Identified the -5 buckler "Wiram" {Drain rCorr Dex+8} (You
                  | bought it in a shop on level 5 of the Dungeon)
  7223 | D:5      | Bought a scroll of immolation for 42 gold pieces
  7391 | D:4      | Noticed Sigmund
  7400 | D:4      | Reached **** piety under Trog
  7402 | D:4      | Killed Sigmund
  7911 | D:8      | Found an ornate altar of the Wu Jian Council.
  7911 | D:8      | Found an opulent altar of Gozag.
  8119 | D:8      | Found a shimmering altar of Xom.
  8358 | D:8      | Identified the +1 ring mail of the Thistle {Rampage Dex+7}
  8446 | D:8      | Found a runed translucent gate.
  8446 | D:8      | Found a runed translucent gate.
  8446 | D:8      | Found a runed translucent gate.
  8447 | D:8      | Noticed an 11-headed hydra
  8447 | D:8      | Noticed Heedrag's ghost (novice MiFi)
  8629 | D:9      | Reached XP level 10. HP: 78/84 MP: 10/10
  8819 | D:9      | Found Zin's Purification Station.
  8822 | D:9      | Found a glowing silver altar of Zin.
  8859 | D:9      | Found a staircase to the Lair.
  9044 | D:9      | Found a white marble altar of Elyvilon.
  9214 | D:10     | Entered Level 10 of the Dungeon
  9392 | D:10     | Identified a scroll of acquirement
  9392 | D:10     | Acquired a +2 buckler of fire resistance
  9421 | D:10     | Reached skill level 1 in Shields
  9579 | D:10     | Reached skill level 10 in Axes
  9616 | D:10     | Reached ***** piety under Trog
  9645 | D:10     | Reached XP level 11. HP: 47/90 MP: 11/11
  9713 | D:10     | Found a staircase to the Orcish Mines.
  9824 | D:10     | Reached skill level 10 in Stealth
 10515 | D:11     | Noticed a tengu warrior
 10516 | D:11     | Noticed a centaur warrior
 10536 | D:11     | Killed a tengu warrior
 10537 | D:11     | Killed a centaur warrior
 10613 | D:11     | Noticed an orc knight
 10613 | D:11     | Noticed a centaur warrior
 10613 | D:11     | Noticed a centaur warrior
 10614 | D:11     | Noticed a boulder beetle
 10615 | D:11     | Noticed a deep elf pyromancer
 10619 | D:11     | Noticed a centaur warrior
 10625 | D:11     | Killed a centaur warrior
 10628 | D:11     | Killed a centaur warrior
 10628 | D:11     | Killed a deep elf pyromancer
 10629 | D:11     | Killed a centaur warrior
 10636 | D:11     | Identified the ring "Rathraurgh" {EV+4 Dex+3}
 10636 | D:11     | Noticed a deep elf pyromancer
 10928 | D:11     | Killed a boulder beetle
 11010 | D:11     | Identified the +9 morningstar of Neckeintu {antimagic,
                  | Will++}
 11012 | D:11     | Identified the +1 crystal plate armour of Distant Shores
                  | {rElec rF- rCorr}
 11050 | D:11     | Killed a deep elf pyromancer
 11051 | D:11     | Reached XP level 12. HP: 95/99 MP: 12/12
 11439 | D:12     | Noticed a boulder beetle
 11459 | D:12     | Received a gift from Trog
 11480 | D:12     | Killed a boulder beetle
 11664 | D:12     | Reached skill level 5 in Fighting
 11800 | D:12     | Noticed a two-headed ogre
 11817 | D:12     | Killed a two-headed ogre
 11865 | D:12     | Noticed a two-headed ogre
 11879 | D:12     | Killed a two-headed ogre
 11957 | D:12     | Found a snail-covered altar of Cheibriados.
 12249 | D:12     | Identified the +3 falchion of Foolhardiness {protect, rElec
                  | rN+}
 12308 | D:13     | Noticed Rupert
 12313 | D:13     | Killed Rupert
 12314 | D:13     | Gained mutation: You can use your snake-like lower body to
                  | constrict enemies. [Naga growth]
 12314 | D:13     | Reached XP level 13. HP: 111/111 MP: 13/13
 12442 | D:13     | Found the +7 captain's cutlass {speed, disarm}
 12839 | D:13     | Noticed a vault guard
 12840 | D:13     | Noticed a vault guard
 12841 | D:13     | Noticed a vault guard
 12854 | D:13     | Killed a vault guard
 12855 | D:13     | Killed a vault guard
 12857 | D:13     | Killed a vault guard
 12899 | D:13     | Found a gate to the Vaults.
 13723 | D:14     | Reached skill level 10 in Armour
 13723 | D:14     | Reached skill level 10 in Dodging
 13880 | D:14     | Reached XP level 14. HP: 82/127 MP: 14/14
 13995 | D:14     | Reached XP level 15. HP: 135/135 MP: 15/15
 14123 | D:14     | HP: 1/135 [seven-headed hydra (7)]
 14124 | D:14     | Slain by a wolf spider

Illustrated notes

Levels and vault maps discovered:
D:1:      dpeg_arrival_tiny_i, layout_basic, serial_shops,
          nicolae_lakefront_shop, hellmonk_ecumenical_altar_heavens_door
D:2:      layout_loops_cross, amcnicky_mini_pool_small,
          chequers_serial_rivers_large_b, minmay_diced_spiral
D:3:      layout_basic
D:4:      layout_rooms, minmay_temple_entry_purple_smoke, uniq_sigmund,
          uniq_eustachio
D:5:      layout_rooms, serial_shops, nicolae_take_the_stairs,
          nicolae_shop_trees, shop
D:6:      minmay_flawed_box, layout_basic, mainiacjoe_overflow_surrounded_room,
          nicolae_sif_muna_condensation, lemuel_crystal_altar,
          lemuel_coloured_pillars_altar, st_stairs_6
D:7:      layout_basic, uniq_duvessa
D:8:      layout_gridville, mainiacjoe_overflow_boulevard,
          gammafunk_temple_overflow_statue, gammafunk_ghost_hydra_chop
D:9:      layout_irregular_city, zin_purify, mainiacjoe_overflow_alcove_1,
          due_lair_maze_entry_diamond
D:10:     layout_roguey, erik_orc_2, kennysheep_boxes
D:11:     minmay_the_grid_triangle_9x9_rhombus_thin_mashed
          [minmay_the_grid_triangle_9x9_zippers_horizontal,
          minmay_the_grid_triangle_9x9_prize_schism,
          minmay_the_grid_triangle_9x9_warning,
          minmay_the_grid_triangle_9x9_minimal], layout_loops_ring
D:12:     kennysheep_ambush_hall, layout_basic,
          eino_small_chamber_without_monster, minivault_20, slow_altar_1
D:13:     layout_roguey, ximxim_vaults_locker_room, uniq_rupert
D:14:     minmay_quarter_circles, layout_rooms
Temple:   nicolae_temple_figure_eight

Skill      XL: |  1  2  3  4  5  6  7  8  9 10 11 12 13 14 |
---------------+-------------------------------------------+-----
Dodging        | 2 3 4 5 7 8 9 10 | 10.7
Armour         | 2 3 4 5 7 8 9 10 | 10.7
Axes           | 4 5 7 8 9 10 11 12 13 | 13.7
Stealth        | 3 7 9 10 13 | 13.9
Shields        | 1 3 |  3.7
Fighting       | 6 8 9 |  9.2

Action                   |  1- 3 |  4- 6 |  7- 9 | 10-12 | 13-15 || total
-------------------------+-------+-------+-------+-------+-------++-------
Melee: Hand axe          |   100 |    60 |       |       |       ||   160
       War axe           |       |   118 |   211 |   328 |       ||   657
       Broad axe         |       |       |       |    98 |   135 ||   233
       Morningstar       |       |       |       |       |    17 ||    17
       Constrict         |       |       |       |       |    21 ||    21
Invok: Berserk           |     2 |     3 |     5 |     8 |     5 ||    23
       Trog's Hand       |       |     1 |       |       |     1 ||     2
       Brothers in Arms  |       |       |       |       |     4 ||     4
 Abil: Spit Poison       |     2 |     1 |     1 |    13 |       ||    17
Evoke: Wand              |       |       |       |     5 |     3 ||     8
  Use: Scroll            |     1 |     3 |     8 |    16 |     6 ||    34
       Potion            |     1 |     2 |       |     1 |     5 ||     9
 Stab: Sleeping          |       |       |     2 |    12 |     2 ||    16
       Distracted        |       |       |       |     2 |     2 ||     4
Armor: Animal skin       |    17 |     2 |       |       |       ||    19
       Scale mail        |       |   112 |   123 |   105 |       ||   340
       Troll leather arm |       |       |       |   151 |    68 ||   219
       Chain mail        |       |       |       |       |    41 ||    41
Dodge: Dodged            |    75 |    98 |   117 |   246 |   141 ||   677
Block: Buckler           |       |       |       |   111 |    61 ||   172
       Reflection        |       |       |       |     2 |     1 ||     3

Table legend: (Time is in decaauts)
 A = Elapsed time spent in this place.
 B = Non-inter-level travel time spent in this place.
 C = Inter-level travel time spent in this place.
 D = Time resting spent in this place.
 E = Time spent auto-exploring this place.
 F = Levels seen in this place.
 G = Mean time per level.
                   A        B        C        D        E       F      G
               +--------+--------+--------+--------+--------+-----+--------+
         Total |  17765 |  16853 |    912 |   3178 |  10322 |  15 | 1184.3 |
       Dungeon |  17480 |  16593 |    887 |   3178 |  10065 |  14 | 1248.6 |
        Temple |    285 |    261 |     24 |      0 |    256 |   1 |  285.0 |
               +--------+--------+--------+--------+--------+-----+--------+

Top non-repeatable levels by time:
     D:7: 1552 daAuts
     D:5: 1497 daAuts
     D:6: 1487 daAuts
     D:1: 1468 daAuts
     D:2: 1442 daAuts
    D:10: 1417 daAuts
    D:13: 1316 daAuts
    D:11: 1283 daAuts
    D:12: 1225 daAuts
     D:8: 1056 daAuts
     D:4: 984 daAuts
    D:14: 936 daAuts
     D:9: 919 daAuts
     D:3: 893 daAuts
  Temple: 285 daAuts
